[Event "Titled Tuesday Blitz April 26 Early 2022"]
[White "Deac, Bogdan-Daniel"]
[Black "Safarli, Eltaj"]
[WhiteFideId "1226380"]
[BlackFideId "13402129"]
[WhiteElo "2648"]
[BlackElo "2634"]
[Result "1/2-1/2"]
[Round "08"]
[TimeControl "180+1"]
[Date "2022.04.26"]
[WhiteClock "0:00:02"]
[BlackClock "0:00:02"]

1. d4 Nf6 2. c4 e6 3. Nf3 d5 4. g3 Be7 5. Bg2 O-O 6. O-O dxc4 7. Qc2 a6 8. a4 Nc6 9. Qxc4 Na5 10. Qc2 b6 11. Ne5 Bb7 12. Bxb7 Nxb7 13. Nc6 Qe8 14. Rd1 Bc5 15. Ne5 Bd6 16. Nc3 Nd5 17. Nc4 Qc6 18. Qb3 Nxc3 19. Qxc3 b5 20. Ne3 Qxc3 21. bxc3 Na5 22. Ba3 Rfb8 23. axb5 axb5 24. Rdb1 Nb7 25. Bb4 Rxa1 26. Rxa1 c5 27. dxc5 Bxc5 28. Ra6 Rc8 29. Kg2 h6 30. Kf3 Rc7 31. h4 h5 32. Ke4 Kh7 33. Kd3 Rd7+ 34. Kc2 Rc7 35. Kd3 Rd7+ 36. Ke4 Rd2 37. Kf3 Bxb4 38. cxb4 Nd6 39. Rb6 e5 40. g4 hxg4+ 41. Nxg4 f6 42. Ne3 Kg6 43. Kg4 Rd4+ 44. Kf3 Rd2 45. Kg4 Rd4+ 46. Kf3 Rd2 1/2-1/2


[Site "https://www.chess.com"]

[Event "Titled Tuesday Blitz April 26 Early 2022"]
[White "Devaev, Alexander"]
[Black "Allahverdiyeva, Ayan"]
[WhiteFideId "4169395"]
[BlackFideId "13412590"]
[WhiteElo "2185"]
[BlackElo "1910"]
[Result "0-1"]
[Round "08"]
[TimeControl "180+1"]
[Date "2022.04.26"]
[WhiteClock "0:00:03"]
[BlackClock "0:00:03"]

1. Nf3 d5 2. c4 e6 3. d4 Nf6 4. cxd5 exd5 5. Nc3 c6 6. Bg5 Bf5 7. e3 Be7 8. Nh4 Bg6 9. Nxg6 hxg6 10. Bd3 Nbd7 11. Qc2 Nf8 12. O-O-O Ne6 13. h4 Qd7 14. g3 O-O-O 15. Bxf6 Bxf6 16. Kb1 Kb8 17. Be2 Rh6 18. Qd2 Rdh8 19. Rhg1 g5 20. h5 g6 21. hxg6 Rxg6 22. Bg4 Qd6 23. Qc2 Rgh6 24. Rc1 Rh2 25. Rgf1 c5 26. Nb5 Qb6 27. Bxe6 fxe6 28. Qxc5 Qxc5 29. Rxc5 g4 30. Rc2 Rf8 31. Re1 Bg5 32. Ree2 a6 33. Nc3 Rh1+ 34. Rc1 Rh2 35. Rcc2 Be7 36. a3 Bd6 37. Ka2 Rf3 38. Nd1 Bc7 39. b4 Bd6 40. Nb2 b5 41. Nd3 Kb7 42. Kb3 Kb6 43. Nc5 Bxc5 0-1


[Site "https://www.chess.com"]

[Event "Titled Tuesday Blitz April 26 Early 2022"]
[White "Dixit, Nikhil"]
[Black "Prieto Aranguren, Alain"]
[WhiteFideId "5059534"]
[BlackFideId "2268906"]
[WhiteElo "2223"]
[BlackElo "2235"]
[Result "1-0"]
[Round "08"]
[TimeControl "180+1"]
[Date "2022.04.26"]
[WhiteClock "0:02:24"]
[BlackClock "0:02:55"]

1. e4 c6 2. Nc3 d5 3. Nf3 Bg4 4. h3 Bh5 5. d4 e6 6. Be2 Nf6 7. e5 Nfd7 8. O-O Be7 9. Bf4 c5 10. Nb5 cxd4 11. Nfxd4 Nc6 12. Bxh5 1-0


[Site "https://www.chess.com"]

[Event "Titled Tuesday Blitz April 26 Early 2022"]
[White "Donchenko, Alexander"]
[Black "Bortnyk, Olexandr"]
[WhiteFideId "24603295"]
[BlackFideId "14120828"]
[WhiteElo "2539"]
[BlackElo "2723"]
[Result "0-1"]
[Round "08"]
[TimeControl "180+1"]
[Date "2022.04.26"]
[WhiteClock "0:00:02"]
[BlackClock "0:00:04"]

1. d4 d6 2. Nf3 Nf6 3. g3 g6 4. Bg2 Bg7 5. O-O O-O 6. b3 Bf5 7. Bb2 c6 8. Nbd2 d5 9. c4 Ne4 10. Re1 Nxd2 11. Qxd2 a5 12. Ne5 a4 13. Red1 Be6 14. cxd5 cxd5 15. Rdc1 Qb6 16. Ba3 axb3 17. axb3 Nc6 18. Nxc6 bxc6 19. Bxe7 Rxa1 20. Rxa1 Bxd4 21. Rf1 Re8 22. Bg5 h5 23. e3 Bg7 24. Rc1 Ra8 25. b4 Ra3 26. Be7 Rb3 27. h4 Rb2 28. Rc2 Rb3 29. Qc1 Qb7 30. Rxc6 Qxe7 31. Ra6 Qxb4 32. Ra8+ Kh7 33. Kh2 Rb1 34. Qc2 Qe1 35. g4 Be5+ 36. f4 Qg1+ 37. Kg3 Qxe3+ 0-1


[Site "https://www.chess.com"]

[Event "Titled Tuesday Blitz April 26 Early 2022"]
[White "Dwilewicz, Katarzyna"]
[Black "Legenia, Artem"]
[WhiteFideId "1148486"]
[BlackFideId "14136945"]
[WhiteElo "1907"]
[BlackElo "1936"]
[Result "1-0"]
[Round "08"]
[TimeControl "180+1"]
[Date "2022.04.26"]
[WhiteClock "0:00:13"]
[BlackClock "0:00:26"]

1. e4 c5 2. Nf3 d6 3. d4 cxd4 4. Nxd4 Nf6 5. Nc3 g6 6. Bc4 Bg7 7. O-O a6 8. Bg5 Nbd7 9. Qd2 b5 10. Bb3 Bb7 11. f3 O-O 12. Bh6 Rc8 13. Bxg7 Kxg7 14. Rad1 Ne5 15. Qg5 Kh8 16. f4 Nc4 17. Rf3 Nxb2 18. Rdf1 Rxc3 19. Rxc3 Nxe4 20. Qh6 Nxc3 21. f5 Rg8 22. Bxf7 Qf8 23. Qh3 Ne2+ 24. Nxe2 Qxf7 25. fxg6 Qxg6 26. Nf4 Qg5 27. Qc3+ Qe5 28. Qc7 Qe4 29. Qc3+ e5 30. Qxb2 Rg3 31. hxg3 1-0


[Site "https://www.chess.com"]

[Event "Titled Tuesday Blitz April 26 Early 2022"]
[White "Elgersma, Onno"]
[Black "Molina, Roberto Junio Brito"]
[WhiteFideId "1053531"]
[BlackFideId "2109450"]
[WhiteElo "2304"]
[BlackElo "2432"]
[Result "0-1"]
[Round "08"]
[TimeControl "180+1"]
[Date "2022.04.26"]
[WhiteClock "0:00:12"]
[BlackClock "0:00:16"]

1. e4 c6 2. d4 d5 3. exd5 cxd5 4. c4 Nf6 5. Nc3 e6 6. Nf3 Be7 7. cxd5 Nxd5 8. Bd3 O-O 9. O-O Nc6 10. Re1 Nf6 11. Bg5 b6 12. a3 Bb7 13. Rc1 Rc8 14. Bb1 Nd5 15. Qd3 g6 16. Bh6 Re8 17. Ne4 Nf6 18. h3 Nxe4 19. Qxe4 Bf6 20. Qf4 Bg7 21. Ba2 Nxd4 22. Ne5 Qf6 23. Qxd4 Bxh6 24. Rxc8 Bxc8 25. Qa4 Qe7 26. Nc6 Qc7 27. Nxa7 Bd7 28. Nb5 Qc5 29. Bc4 Rc8 30. b3 Bf8 31. Rf1 Bc6 32. Qa6 Ra8 33. Na7 Be4 34. b4 Qd4 35. Be2 b5 36. Nxb5 Rxa6 37. Nxd4 Rxa3 38. b5 Bc5 39. Nc6 Rb3 40. Bf3 Bxf3 41. gxf3 Rxb5 42. Ne5 Bd6 43. Ng4 h5 44. Ne3 Bf4 45. Ng2 Bg5 46. Re1 Bf6 47. f4 Kg7 48. Kh2 Rb4 49. Kg3 Be7 50. f3 Bd6 51. h4 Be7 52. Rd1 Bf6 53. Re1 Rb7 54. Re2 Re7 55. Re1 Rd7 56. Re2 Rd5 57. Rf2 Rd3 58. Re2 Bd4 59. Re1 Rd2 60. Re4 Bf2+ 61. Kh3 Bc5 62. Kg3 Rc2 63. Re1 Bf2+ 0-1


[Site "https://www.chess.com"]

[Event "Titled Tuesday Blitz April 26 Early 2022"]
[White "Estrada Nieto, Julian"]
[Black "Clawitter, Craig"]
[WhiteFideId "5101018"]
[BlackFideId "2023105"]
[WhiteElo "2252"]
[BlackElo "2246"]
[Result "1-0"]
[Round "08"]
[TimeControl "180+1"]
[Date "2022.04.26"]
[WhiteClock "0:00:47"]
[BlackClock "0:00:07"]

1. e4 e6 2. d4 d5 3. Nd2 Be7 4. Bd3 c5 5. exd5 exd5 6. dxc5 Nf6 7. Ngf3 O-O 8. Nb3 a5 9. a4 Na6 10. Be3 Ne4 11. O-O Naxc5 12. Nxc5 Nxc5 13. h3 Nxd3 14. Qxd3 Bf6 15. Bd4 Be6 16. Rfe1 Rc8 17. c3 Rc4 18. Re2 Qd7 19. Bxf6 gxf6 20. Nd4 Rxa4 21. Rae1 Re8 22. Qg3+ Kh8 23. Qh4 Qd8 24. Qh6 Rg8 25. Nxe6 fxe6 26. Rxe6 Re4 27. R6xe4 dxe4 28. Rxe4 Qd1+ 29. Kh2 Qd6+ 30. Qf4 Qxf4+ 31. Rxf4 Kg7 32. Rf5 Kf7 33. Rxa5 Re8 34. Rb5 Re7 35. Kg3 Kg6 36. Kf3 Rd7 37. g4 h6 38. h4 Re7 39. h5+ Kg7 40. Rb6 Rd7 41. Kf4 Kf8 42. Rxf6+ 1-0


[Site "https://www.chess.com"]

[Event "Titled Tuesday Blitz April 26 Early 2022"]
[White "Eynullayev, Atilla"]
[Black "Narayanan, Srinath"]
[WhiteFideId "13413570"]
[BlackFideId "5018420"]
[WhiteElo "1936"]
[BlackElo "2472"]
[Result "0-1"]
[Round "08"]
[TimeControl "180+1"]
[Date "2022.04.26"]
[WhiteClock "0:00:02"]
[BlackClock "0:01:05"]

1. e4 e5 2. Nf3 Nc6 3. Bb5 a6 4. Ba4 Bc5 5. O-O d6 6. c3 Bg4 7. h3 Bh5 8. g4 Bg6 9. d4 b5 10. Bc2 Ba7 11. Be3 h5 12. Kg2 hxg4 13. hxg4 Qd7 14. Ng1 Nf6 15. f3 d5 16. dxe5 Bxe3 17. exf6 Qd6 18. Nh3 gxf6 19. Bb3 O-O-O 20. Qxd5 Ne5 21. a4 Qb6 22. Qa8+ Kd7 23. Rd1+ Ke7 24. a5 Qc5 25. Qxa6 Nxf3 26. Rxd8 Nh4+ 27. Kg3 Rxd8 28. Qb7 Qe5+ 29. Kxh4 Rh8# 0-1


[Site "https://www.chess.com"]

[Event "Titled Tuesday Blitz April 26 Early 2022"]
[White "Ezat, Mohamed"]
[Black "Odegov, Artem"]
[WhiteFideId "10600906"]
[BlackFideId "34183644"]
[WhiteElo "2386"]
[BlackElo "2286"]
[Result "1/2-1/2"]
[Round "08"]
[TimeControl "180+1"]
[Date "2022.04.26"]
[WhiteClock "0:00:53"]
[BlackClock "0:00:03"]

1. d4 c5 2. d5 Nf6 3. c4 e5 4. Nc3 d6 5. e4 Be7 6. Bd3 O-O 7. Nge2 Ne8 8. h3 g6 9. g4 Bg5 10. Ng3 Ng7 11. Bd2 Nd7 12. Qc1 Bxd2+ 13. Qxd2 a6 14. h4 Nf6 15. f3 h5 16. O-O-O b5 17. Rdg1 hxg4 18. f4 exf4 19. Qxf4 Nfh5 20. Qh6 bxc4 21. Bxc4 Rb8 22. Nce2 Qf6 23. b3 Qa1+ 24. Kd2 Qxa2+ 25. Kc3 Qa5+ 26. Kb2 Qb4 27. Kc2 Bd7 28. Nxh5 Nxh5 29. Ng3 Nxg3 30. Rxg3 Bb5 31. Rxg4 Rb7 32. Rhg1 Bxc4 33. Rxg6+ fxg6 34. Rxg6+ Kf7 35. Rg7+ Ke8 36. Qe6+ Kd8 37. Qxd6+ Ke8 38. Qc6+ Kd8 39. Qd6+ Ke8 40. Qe5+ Kd8 41. Qd6+ 1/2-1/2


[Site "https://www.chess.com"]

[Event "Titled Tuesday Blitz April 26 Early 2022"]
[White "Gatterer, Florian"]
[Black "Haukenfrers, Dale"]
[WhiteFideId "811688"]
[BlackFideId "2603780"]
[WhiteElo "2218"]
[BlackElo "2046"]
[Result "1/2-1/2"]
[Round "08"]
[TimeControl "180+1"]
[Date "2022.04.26"]
[WhiteClock "0:00:15"]
[BlackClock "0:01:05"]

1. f4 c6 2. Nf3 d6 3. g3 h6 4. Bg2 g5 5. fxg5 hxg5 6. Nxg5 Bg7 7. O-O Nf6 8. d4 Nbd7 9. e4 a5 10. Nc3 a4 11. a3 Nb6 12. Qe2 Ra5 13. e5 dxe5 14. dxe5 Qd4+ 15. Be3 Qxe5 16. Bxb6 Qxg5 17. Bxa5 Qxa5 18. Rae1 Qc5+ 19. Qe3 Qxe3+ 20. Rxe3 Ng4 21. Re4 Nxh2 22. Rfe1 Be6 23. Rxa4 Kd7 24. Rae4 Ng4 25. Bf3 Nf6 26. Rxe6 fxe6 27. b3 Kd6 28. Ne4+ Nxe4 29. Rxe4 Be5 30. Kg2 b5 31. a4 bxa4 32. Rxa4 Rg8 33. Ra6 Rxg3+ 34. Kf2 Rg8 35. Rxc6+ Kd7 36. Ke2 Rh8 37. Ra6 Rh2+ 38. Kd3 Bd6 39. Ra7+ Bc7 40. Ra6 e5 41. Bc6+ Kd6 42. Be4+ Kd7 43. Bc6+ Kd6 44. Be4+ Kd7 45. Bc6+ 1/2-1/2


[Site "https://www.chess.com"]

[Event "Titled Tuesday Blitz April 26 Early 2022"]
[White "Gokerkan, Cem Kaan"]
[Black "Drygalov, Sergey"]
[WhiteFideId "6336760"]
[BlackFideId "24171743"]
[WhiteElo "2382"]
[BlackElo "2514"]
[Result "0-1"]
[Round "08"]
[TimeControl "180+1"]
[Date "2022.04.26"]
[WhiteClock "0:00:19"]
[BlackClock "0:00:36"]

1. e4 c5 2. Nf3 d6 3. d4 cxd4 4. Nxd4 Nf6 5. Nc3 a6 6. Bg5 e6 7. f4 Nbd7 8. Qe2 Be7 9. O-O-O Qc7 10. g4 b5 11. a3 h6 12. Bxf6 Bxf6 13. Bg2 Rb8 14. Rd2 b4 15. axb4 Rxb4 16. Rhd1 O-O 17. h4 Qb6 18. Nb3 Nc5 19. Rxd6 Nxb3+ 20. cxb3 Qa5 21. e5 Be7 22. R6d4 Rxb3 23. Qc2 Rb8 24. g5 h5 25. g6 fxg6 26. R1d2 Bc5 27. Ra4 Qb6 28. Kb1 Bb4 29. Qxg6 Bb7 30. Rd7 Be7 31. Rxe7 Be4+ 0-1


[Site "https://www.chess.com"]

[Event "Titled Tuesday Blitz April 26 Early 2022"]
[White "Grandelius, Nils"]
[Black "Bilych, Olexiy"]
[WhiteFideId "1710400"]
[BlackFideId "14156504"]
[WhiteElo "2617"]
[BlackElo "2176"]
[Result "1-0"]
[Round "08"]
[TimeControl "180+1"]
[Date "2022.04.26"]
[WhiteClock "0:01:27"]
[BlackClock "0:00:56"]

1. Nf3 d5 2. g3 g6 3. c4 dxc4 4. Na3 Bg7 5. Nxc4 c5 6. Bg2 Nc6 7. d3 Nh6 8. h4 O-O 9. h5 Ng4 10. Bd2 Be6 11. hxg6 hxg6 12. Rc1 Rc8 13. Ng5 Bd5 14. Kf1 Bxg2+ 15. Kxg2 Qd5+ 16. e4 Qd7 17. Rh4 Nge5 18. Qh1 1-0


[Site "https://www.chess.com"]

[Event "Titled Tuesday Blitz April 26 Early 2022"]
[White "Guseva, Marina"]
[Black "Sargsyan, Anna M."]
[WhiteFideId "4149351"]
[BlackFideId "13308130"]
[WhiteElo "2071"]
[BlackElo "2271"]
[Result "1-0"]
[Round "08"]
[TimeControl "180+1"]
[Date "2022.04.26"]
[WhiteClock "0:00:49"]
[BlackClock "0:01:27"]

1. d4 d5 2. Nf3 Nf6 3. Bf4 c5 4. e3 Nc6 5. Nbd2 Bg4 6. c3 e6 7. Qb3 Qc8 8. Ne5 Bf5 9. Bb5 a6 10. Bxc6+ bxc6 11. Qa4 Nd7 12. Qxc6 Qxc6 13. Nxc6 f6 14. O-O Nb6 15. Rfe1 Kd7 16. Na5 Na4 17. dxc5 Nxb2 18. c6+ Kc8 19. e4 dxe4 20. Reb1 Nd3 21. Be3 Bd6 22. Ndc4 Bc7 23. Rb7 Rd8 24. Rab1 Ne5 25. Rxc7+ Kxc7 26. Rb7+ 1-0


[Site "https://www.chess.com"]

[Event "Titled Tuesday Blitz April 26 Early 2022"]
[White "Halvax, Georg"]
[Black "Demin, Vladimir"]
[WhiteFideId "1619543"]
[BlackFideId "4167457"]
[WhiteElo "2403"]
[BlackElo "2410"]
[Result "0-1"]
[Round "08"]
[TimeControl "180+1"]
[Date "2022.04.26"]
[WhiteClock "0:00:09"]
[BlackClock "0:00:34"]

1. d4 Nf6 2. c4 e5 3. dxe5 Ng4 4. Bf4 Bb4+ 5. Nc3 Nc6 6. Nf3 Bxc3+ 7. bxc3 Qe7 8. Qd5 f6 9. exf6 Nxf6 10. Qd3 d6 11. e3 O-O 12. Be2 Ne4 13. O-O Bf5 14. Nd4 Bg6 15. Nxc6 bxc6 16. Qd4 c5 17. Qd5+ Kh8 18. Rac1 Rab8 19. Bf3 Rb2 20. a4 Nd2 21. Rfd1 Bf7 22. Qc6 Bxc4 23. Bd5 Be2 24. Re1 Bd3 25. Red1 h6 26. c4 Be2 27. Re1 Nb3 28. Qb7 Qf6 29. Rb1 Rxb1 30. Rxb1 Nd2 31. Re1 Bxc4 32. Bxc4 Nxc4 33. Qxc7 h5 34. Bg3 h4 35. Bf4 g5 36. Bxg5 Qxg5 37. Qc6 Qf6 38. Qe4 Qxf2+ 0-1


[Site "https://www.chess.com"]

[Event "Titled Tuesday Blitz April 26 Early 2022"]
[White "Harshavardhan G B"]
[Black "Kozak, Antoni"]
[WhiteFideId "25059009"]
[BlackFideId "21832030"]
[WhiteElo "1831"]
[BlackElo "2236"]
[Result "1-0"]
[Round "08"]
[TimeControl "180+1"]
[Date "2022.04.26"]
[WhiteClock "0:00:02"]
[BlackClock "0:00:02"]

1. d4 d5 2. c4 e6 3. Nf3 Nf6 4. g3 dxc4 5. Bg2 Bb4+ 6. Bd2 a5 7. Qc2 Bxd2+ 8. Qxd2 c6 9. a4 Ne4 10. Qc2 Nd6 11. Ne5 Na6 12. Nxc4 Nb4 13. Qb3 Nxc4 14. Qxc4 Qxd4 15. Qxd4 Nc2+ 16. Kd1 Nxd4 17. Nd2 Ke7 18. e3 Nf5 19. Kc2 Nd6 20. Rhb1 Bd7 21. e4 e5 22. f4 f6 23. Nf3 Nf7 24. b4 axb4 25. Rxb4 b5 26. a5 Ra7 27. Nd2 c5 28. Rbb1 c4 29. Kc3 Rha8 30. Kb4 Nd8 31. fxe5 Nc6+ 32. Kxb5 Nxe5+ 33. Kb4 Be6 34. Bf1 Nc6+ 35. Kc3 Nxa5 36. Rb6 Bf7 37. Rab1 Rd8 38. R1b5 Rad7 39. Rxa5 Rxd2 40. Ra7+ R2d7 41. Rbb7 Rxb7 42. Rxb7+ Kf8 43. Rc7 Rd1 44. Bxc4 Bxc4 45. Rxc4 Rh1 46. Kd4 Rxh2 47. Kd5 Kf7 48. Rd4 Rg2 49. Rd3 h5 50. e5 Re2 51. exf6 Kxf6 52. Ra3 g5 53. Rf3+ Kg6 54. Kd4 g4 55. Rb3 h4 56. Rb6+ Kf5 57. Rb5+ Kf6 58. Rb6+ Kg5 59. Rb5+ Kh6 60. gxh4 g3 61. Rg5 g2 62. Kd3 Ra2 63. Ke3 1-0


[Site "https://www.chess.com"]

[Event "Titled Tuesday Blitz April 26 Early 2022"]
[White "Hasangatin, Ramil"]
[Black "Kollars, Dmitrij"]
[WhiteFideId "4122160"]
[BlackFideId "12909572"]
[WhiteElo "2375"]
[BlackElo "2584"]
[Result "1-0"]
[Round "08"]
[TimeControl "180+1"]
[Date "2022.04.26"]
[WhiteClock "0:00:18"]
[BlackClock "0:00:53"]

1. e4 c6 2. Nf3 d5 3. d3 dxe4 4. dxe4 Qxd1+ 5. Kxd1 Nd7 6. Nfd2 f5 7. Nc3 Ngf6 8. exf5 Ne5 9. Nc4 Nxc4 10. Bxc4 Bxf5 11. Bb3 O-O-O+ 12. Ke2 Nd5 13. Bd2 e6 14. Rhd1 Bc5 15. f3 Bd4 16. Rab1 Rd7 17. Ne4 Rf8 18. Ng3 Bg6 19. Rf1 Rfd8 20. Ne4 Kc7 21. Rfd1 h6 22. c3 Bb6 23. Bc2 a5 24. Re1 Nb4 25. Bf4+ e5 26. Bxe5+ Kc8 27. cxb4 Bxe4 28. Bxe4 Rd2+ 29. Kf1 Rf2+ 30. Kg1 Rdd2 31. Kh1 axb4 32. Bg3 Rxg2 33. f4 Rge2 34. Bf5+ Kc7 35. Rxe2 Rxe2 36. Bg4 Rc2 37. f5+ Kd8 38. Be5 h5 39. Bxh5 Rc5 40. Rd1+ Ke7 41. Bd6+ Kf6 42. Bxc5 Bxc5 43. Bg6 1-0


[Site "https://www.chess.com"]

[Event "Titled Tuesday Blitz April 26 Early 2022"]
[White "Hua, Lefong"]
[Black "Fiorito, Fabian"]
[WhiteFideId "2602253"]
[BlackFideId "100200"]
[WhiteElo "2604"]
[BlackElo "2395"]
[Result "1-0"]
[Round "08"]
[TimeControl "180+1"]
[Date "2022.04.26"]
[WhiteClock "0:00:18"]
[BlackClock "0:00:23"]

1. d4 d5 2. c4 e6 3. Nc3 Nf6 4. cxd5 exd5 5. Bg5 c6 6. e3 Be7 7. Bd3 Nbd7 8. Qc2 Nf8 9. h3 Ne6 10. Bh4 g6 11. Nf3 O-O 12. O-O Ng7 13. g4 Re8 14. Ne5 Nd7 15. Bg3 Nxe5 16. dxe5 h5 17. Qe2 Bh4 18. Bh2 Be6 19. Kg2 hxg4 20. hxg4 Qd7 21. f3 a6 22. Rad1 c5 23. Bb1 Qc6 24. Bf4 Rad8 25. Rh1 g5 26. Qc2 d4 27. Qh7+ Kf8 28. Rxh4 gxf4 29. Ne4 dxe3 30. Re1 Qb5 31. Qh8+ Ke7 32. Qxg7 Qxb2+ 33. Kg1 Rd2 34. Qf6+ Kd7 35. Qxf4 Rg2+ 36. Kh1 Bxa2 37. Bxa2 Re2 38. Qxf7+ Kc6 39. Qd5+ Kb6 40. Rb1 Qxb1+ 41. Bxb1 Re1+ 42. Kg2 Rxb1 43. Qxc5# 1-0


[Site "https://www.chess.com"]

[Event "Titled Tuesday Blitz April 26 Early 2022"]
[White "Ianov, Viktor"]
[Black "Seo, Jung Min"]
[WhiteFideId "14102730"]
[BlackFideId "1734687"]
[WhiteElo "2161"]
[BlackElo "2401"]
[Result "0-1"]
[Round "08"]
[TimeControl "180+1"]
[Date "2022.04.26"]
[WhiteClock "0:00:44"]
[BlackClock "0:01:12"]

1. Nf3 Nf6 2. g3 g6 3. b3 Bg7 4. Bb2 O-O 5. Bg2 c5 6. c4 d6 7. d4 Nc6 8. O-O Ne4 9. e3 cxd4 10. Nxd4 Nxd4 11. Bxd4 Bxd4 12. Qxd4 Nf6 13. Nc3 a6 14. Rfd1 Rb8 15. c5 Ne8 16. Ne4 Bg4 17. Rd2 Bf5 18. cxd6 exd6 19. Nxd6 Nxd6 20. Qxd6 Qxd6 21. Rxd6 Rfe8 22. Rad1 Re7 23. Rb6 Rc7 24. e4 Bg4 25. f3 Be6 26. Rd2 a5 27. Kf2 Ra8 28. f4 a4 29. b4 a3 30. e5 Ra7 31. Be4 Rc1 32. Ke3 Ra1 33. b5 Bxa2 34. Rxb7 Rxb7 35. Bxb7 Be6 36. Bd5 Bxd5 37. Rxd5 a2 38. Rd8+ Kg7 39. Ra8 Re1+ 40. Kd4 a1=Q+ 41. Rxa1 Rxa1 42. Kc5 Kf8 43. b6 Ke7 44. b7 Rb1 45. Kc6 Kd8 46. g4 h5 47. gxh5 gxh5 48. f5 h4 49. e6 fxe6 50. fxe6 h3 51. e7+ Kxe7 52. Kc7 Rc1+ 53. Kb6 Ke6 54. b8=Q Rb1+ 55. Kc7 Rxb8 56. Kxb8 Ke5 57. Kc7 Ke4 58. Kd6 Kf3 59. Ke5 Kg2 60. Kf4 Kxh2 61. Kg4 Kg2 0-1


[Site "https://www.chess.com"]

[Event "Titled Tuesday Blitz April 26 Early 2022"]
[White "Jaracz, Pawel"]
[Black "Todorovic, Bojan"]
[WhiteFideId "1102222"]
[BlackFideId "917087"]
[WhiteElo "2429"]
[BlackElo "2266"]
[Result "1-0"]
[Round "08"]
[TimeControl "180+1"]
[Date "2022.04.26"]
[WhiteClock "0:00:55"]
[BlackClock "0:00:03"]

1. e4 e5 2. Nf3 Nc6 3. Bb5 Nf6 4. d3 Bc5 5. c3 O-O 6. Nbd2 Re8 7. Nf1 Bf8 8. Ng3 d6 9. O-O Bd7 10. h3 h6 11. Re1 g6 12. Ba4 Bg7 13. d4 Re7 14. d5 Nb8 15. Bc2 Bc8 16. c4 a5 17. a3 Nbd7 18. Be3 b6 19. Qd2 Kh7 20. b4 Ng8 21. Ba4 Nf8 22. Bc6 Ra7 23. c5 f5 24. cxd6 cxd6 25. bxa5 Rxa5 26. Qb4 b5 27. Bd2 Rea7 28. Bxb5 Qb6 29. a4 Bd7 30. Be3 Rxa4 31. Qxa4 Rxa4 32. Bxb6 Rxa1 33. Rxa1 Bxb5 34. Ra7 Nd7 35. Bc7 Bf8 36. exf5 Ngf6 37. Bd8 Kg8 38. Bxf6 Nxf6 39. fxg6 Bc4 40. Nf5 Bxd5 41. g7 1-0


[Site "https://www.chess.com"]

[Event "Titled Tuesday Blitz April 26 Early 2022"]
[White "Jarocka, Liwia"]
[Black "Kejzar, Petra"]
[WhiteFideId "21807558"]
[BlackFideId "14610213"]
[WhiteElo "1896"]
[BlackElo "2003"]
[Result "1-0"]
[Round "08"]
[TimeControl "180+1"]
[Date "2022.04.26"]
[WhiteClock "0:00:26"]
[BlackClock "0:00:02"]

1. d4 d5 2. Nf3 Bf5 3. g3 e6 4. Bg2 Nf6 5. O-O h6 6. c4 c6 7. Nc3 Be7 8. Ne5 Nbd7 9. Kh1 O-O 10. b3 Nxe5 11. dxe5 Nd7 12. f4 dxc4 13. bxc4 Qa5 14. Bd2 Qc7 15. Rc1 Nb6 16. e4 Bh7 17. Qe2 Rfd8 18. Be3 Ba3 19. Rc2 Bb4 20. Rb1 Ba5 21. Bc5 Rd7 22. Bd6 Qd8 23. c5 Nc8 24. Rf1 b5 25. f5 Nxd6 26. exd6 exf5 27. exf5 Rc8 28. f6 Bxc2 29. Qxc2 g6 30. Bh3 Rb8 31. Bxd7 Qxd7 32. Ne2 Bd8 33. Nf4 Kh7 34. Nxg6 fxg6 35. f7 Bg5 36. f8=Q Rxf8 37. Rxf8 Qe6 38. Rf1 Qd5+ 39. Qg2 Qxc5 40. Rd1 a5 41. h4 Bd8 42. Qf3 Qc4 43. Qd3 Qxa2 44. h5 Qd5+ 45. Qxd5 cxd5 46. Rxd5 b4 47. Rb5 gxh5 48. Rb8 Bf6 49. d7 a4 50. Rxb4 a3 51. Ra4 Kg6 52. Rxa3 Kf7 53. Rd3 1-0


[Site "https://www.chess.com"]

[Event "Titled Tuesday Blitz April 26 Early 2022"]
[White "Jaskolka, Tomasz"]
[Black "volunteers1998"]
[WhiteFideId "1170791"]
[WhiteElo "2073"]
[BlackElo "2303"]
[Result "1-0"]
[Round "08"]
[TimeControl "180+1"]
[Date "2022.04.26"]
[WhiteClock "0:00:05"]
[BlackClock "0:00:04"]

1. d4 f5 2. Bf4 Nf6 3. e3 e6 4. c3 Be7 5. Nd2 O-O 6. Bd3 d6 7. h3 Nc6 8. g4 e5 9. Bg3 e4 10. Bc2 d5 11. g5 Ne8 12. h4 Bd6 13. Ne2 Bxg3 14. fxg3 Nd6 15. Nf4 Ne7 16. Bb3 c6 17. c4 Nf7 18. Qe2 Qd6 19. O-O-O a5 20. cxd5 cxd5 21. Kb1 Bd7 22. Rc1 Rfc8 23. g4 b5 24. gxf5 a4 25. g6 hxg6 26. fxg6 Nh6 27. Bc2 b4 28. b3 axb3 29. Bxb3 Rc3 30. Kb2 Rac8 31. Nxe4 Rxb3+ 32. axb3 dxe4 33. Rxc8+ Bxc8 34. Qc4+ Kh8 35. Rc1 1-0


[Site "https://www.chess.com"]

[Event "Titled Tuesday Blitz April 26 Early 2022"]
[White "Kaminski, Victor"]
[Black "Van den Dikkenberg, Erik"]
[WhiteFideId "1131630"]
[BlackFideId "1005880"]
[WhiteElo "2181"]
[BlackElo "2118"]
[Result "1/2-1/2"]
[Round "08"]
[TimeControl "180+1"]
[Date "2022.04.26"]
[WhiteClock "0:00:05"]
[BlackClock "0:00:14"]

1. e4 c5 2. Nf3 d6 3. Bb5+ Nd7 4. O-O Nf6 5. Re1 e5 6. c3 Be7 7. d4 cxd4 8. cxd4 a6 9. Bxd7+ Nxd7 10. Nc3 O-O 11. Nd5 b5 12. Be3 Bb7 13. Nxe7+ Qxe7 14. d5 Rac8 15. Nd2 f5 16. f3 Nf6 17. Bg5 f4 18. a4 Qc7 19. Bxf6 Rxf6 20. axb5 axb5 21. Rc1 Qb6+ 22. Kh1 Rff8 23. Qe2 Rxc1 24. Rxc1 Qd4 25. Rc2 Ra8 26. h3 Ra1+ 27. Nf1 h5 28. Qxb5 Qd1 29. Qe8+ Kh7 30. Qxh5+ Kg8 31. Qe8+ Kh7 32. Rf2 Ba6 33. Qh5+ Kg8 34. Qe8+ Kh7 35. Qh5+ Kg8 36. Qe8+ Kh7 1/2-1/2


[Site "https://www.chess.com"]

[Event "Titled Tuesday Blitz April 26 Early 2022"]
[White "Koellner, Ruben Gideon"]
[Black "Wagner, Dennis"]
[WhiteFideId "12993093"]
[BlackFideId "24650684"]
[WhiteElo "2597"]
[BlackElo "2355"]
[Result "0-1"]
[Round "08"]
[TimeControl "180+1"]
[Date "2022.04.26"]
[WhiteClock "0:01:06"]
[BlackClock "0:01:22"]

1. d4 Nf6 2. Bg5 d5 3. e3 c5 4. Bxf6 gxf6 5. dxc5 Nc6 6. Bb5 e6 7. c4 dxc4 8. Nd2 Qd5 9. Bxc4 Qxg2 10. Qf3 Qxf3 11. Ngxf3 Bxc5 12. Ne4 Be7 13. Rg1 f5 14. Nc3 Bd7 15. O-O-O Rc8 16. Kb1 a6 17. Be2 b5 18. a3 Bf6 19. Na2 Ke7 20. Nc1 Na5 21. Nd4 Rc7 22. Ncb3 Nxb3 23. Nxb3 Rhc8 24. Bd3 e5 25. e4 Be6 26. Nd2 f4 27. Nf3 Bb3 28. Rc1 Rxc1+ 29. Rxc1 Ba2+ 30. Kxa2 Rxc1 31. a4 bxa4 32. Bxa6 Rc2 0-1


[Site "https://www.chess.com"]

[Event "Titled Tuesday Blitz April 26 Early 2022"]
[White "Korchmar, Vasiliy"]
[Black "Onslow, Alfie"]
[WhiteFideId "24131750"]
[BlackFideId "436976"]
[WhiteElo "2370"]
[BlackElo "1884"]
[Result "0-1"]
[Round "08"]
[TimeControl "180+1"]
[Date "2022.04.26"]
[WhiteClock "0:00:03"]
[BlackClock "0:00:11"]

1. e4 g6 2. d4 Bg7 3. Nc3 c6 4. Be3 d5 5. e5 h5 6. Qd2 Nh6 7. O-O-O b5 8. Nf3 Bg4 9. Be2 Qa5 10. a3 e6 11. Na2 Qb6 12. Nb4 a5 13. Nd3 Nd7 14. Ng5 Bxe2 15. Qxe2 Nf5 16. Nf4 b4 17. a4 b3 18. c3 c5 19. dxc5 Nxc5 20. Nxd5 exd5 21. Rxd5 Nxe3 22. Qxe3 Nxa4 23. Qf4 O-O 24. Qxa4 Qxf2 25. Rd2 Qe3 26. Nf3 Bh6 27. Kb1 Qb6 28. Re2 Qe6 29. Nd4 Qd5 30. Qxb3 Qc5 31. e6 a4 32. Qa2 Rfb8 33. exf7+ Kh8 34. Rhe1 a3 35. Re8+ Kh7 36. R8e2 axb2 37. Rxb2 Rxa2 38. Rxb8 Qa3 0-1


[Site "https://www.chess.com"]